 Dungeon Crawl Stone Soup version 0.32-a0-485-g70f7560b1c (webtiles) character file.

Game seed: 16363165307156982985

8 Zxelo the Ducker (level 2, -4/21 HPs)
             Began as an Octopode Fighter on Feb 26, 2024.
             Slain by a goblin
             ... wielding a +0 club
              (5 damage)
             ... on level 1 of the Dungeon.
             The game lasted 00:00:21 (77 turns).

Zxelo the Ducker (Octopode Fighter)                   Turns: 77, Time: 00:00:22

Health: -4/21      AC:  1    Str: 15    XL:     2   Next: 8%
Magic:  2/2        EV: 13    Int: 10    God:
Gold:   0          SH:  4    Dex: 11    Spells: 1/1 levels left

rFire   . . .        a - +0 trident
rCold   . . .        b - +0 buckler
rNeg    . . .        (helmet restricted)
rPois   .            (no amulet)
rElec   .            (no ring)
rCorr   .            (no ring)
SInv    .            (no ring)
Will    .....        (no ring)
Stlth   ++           (no ring)
HPRegen 0.23/turn    (no ring)
MPRegen 0.08/turn    (no ring)
                     (no ring)

%: no passive effects
@: no status effects
A: almost no armour, amphibious, 8 rings, camouflage 1, gelatinous body 1,
(nimble swimmer 1), tentacles
a: no special abilities


You were on level 1 of the Dungeon.
You visited 1 branch of the dungeon, and saw 1 of its levels.

Inventory:

Hand Weapons
 a - a +0 trident (weapon)
Armour
 b - a +0 buckler (worn)
Potions
 c - a potion of might


   Skills:
 + Level 3.1 Fighting
 + Level 2.0 Polearms
 + Level 3.2 Dodging
 + Level 3.1 Shields


You had one spell level left.
You didn't know any spells.
Your spell library was empty.

Dungeon Overview and Level Annotations

Branches:
Dungeon (1/15)

Altars:


Innate Abilities, Weirdness & Mutations

You cannot wear most types of armour.
You are amphibious.
You can wear up to eight rings at the same time.
Your skin changes colour to match your surroundings (Stealth+).
Your rubbery body absorbs attacks. (AC +1, EV +1)
((You are camouflaged when in or above water. (Stealth+)))
You have tentacles for arms and can constrict up to eight enemies at once.


Message History

The goblin shouts!
You hit the jackal. Your grab misses the jackal.
The jackal is almost dead.
The jackal bites you. x2; The jackal completely misses you.
You barely miss the jackal. You grab the jackal.
Your squeeze misses the jackal.
The jackal is almost dead.
You constrict the jackal, but do no damage.
The jackal bites you. The jackal misses you.
The kobold throws a stone.
The stone completely misses you. You block the jackal's attack.
The jackal barely misses you.
You barely miss the jackal. You squeeze the jackal.
You kill the jackal!
The jackal barely misses you. The jackal bites you.
The kobold throws a stone.
The stone barely misses you. The jackal barely misses you.
You see here a jackal corpse.
You hit the jackal.
You kill the jackal!
You have reached level 2!
The kobold attacks as it pursues you! The kobold hits you with a +0 dagger.
You see here a jackal corpse.
The kobold hits you with a +0 dagger.
* * * LOW HITPOINT WARNING * * *
You see here 2 ruby potions.
The goblin barely misses you. You block the kobold's attack.
You block the kobold's attack. The goblin closely misses you.
The kobold misses you.
You hit the kobold.
You kill the kobold!
You block the goblin's attack. The goblin hits you with a +0 club.
* * * LOW HITPOINT WARNING * * *
Things that are here:
a +0 dagger; 5 stones; a jackal corpse The goblin hits you with a +0 club.
* * * LOW HITPOINT WARNING * * *
You see here a jackal corpse.
The goblin hits you with a +0 club.
You die...

#.# #.# ..##### #.#
#.......
##+#####.#######..##.#
..............##..#..
....................#
...###.#.####.##..#..
######..)†# #.†#..#
........g@# ##)...##
######.#.## ##....# #
...#... #....#.#
#......## ##..##.##
#.#.##.# # ##..#...###
#.#. #.###.#.....#...
#.#. ..........#...# #
## #.###.....##.###..
###.#.........


You could see a goblin.

Vanquished Creatures
  A goblin (D:1)
  2 hobgoblins (D:1)
  2 jackals (D:1)
  A kobold (D:1)
6 creatures vanquished.

Notes
Turn   | Place    | Note
-------+----------+-------------------------------------------
     0 | D:1      | Zxelo the Octopode Fighter began the quest for the Orb.
     0 | D:1      | Reached XP level 1. HP: 16/16 MP: 1/1
    69 | D:1      | Reached XP level 2. HP: 11/21 MP: 2/2
    76 | D:1      | HP: 1/21 [goblin/+0 club (2)]
    77 | D:1      | Slain by a goblin

Illustrated notes

Levels and vault maps discovered:
D:1:      amcnicky_arrival_double_pillar, layout_basic, minmay_misc_feat_tower,
          minmay_tetromino_i4

Action                     || total
---------------------------++-------
  Melee: Trident           ||    11
         Constrict         ||     3
         Tentacles         ||     3
 Armour: Skin              ||    13
  Dodge: Dodged            ||    15
  Block: Buckler           ||     7

Table legend: (Time is in decaauts)
 A = Elapsed time spent in this place.
 B = Non-inter-level travel time spent in this place.
 C = Inter-level travel time spent in this place.
 D = Time resting spent in this place.
 E = Time spent auto-exploring this place.
 F = Levels seen in this place.
 G = Mean time per level.
                   A        B        C        D        E       F      G
               +--------+--------+--------+--------+--------+-----+--------+
         Total |     79 |     79 |      0 |      0 |      0 |   1 |   79.0 |
       Dungeon |     79 |     79 |      0 |      0 |      0 |   1 |   79.0 |
               +--------+--------+--------+--------+--------+-----+--------+

Top non-repeatable levels by time:
     D:1: 79 daAuts
